 Dungeon Crawl Stone Soup version 0.28.0-45-g0d030f2227 (webtiles) character file.

Game seed: 11691783653592240747

986 L33tCrusader the Slasher (level 7, -1/61 HPs)
             Began as a Minotaur Berserker on Apr 15, 2022.
             Was a Priest of Trog.
             Succumbed to a killer bee's poison
             ... on level 6 of the Dungeon.
             The game lasted 00:17:51 (6079 turns).

L33tCrusader the Slasher (Minotaur Berserker)       Turns: 6079, Time: 00:17:52

Health: -1/61      AC:  7    Str: 23      XL:     7   Next: 97%
Magic:  2/6        EV: 11    Int:  4      God:    Trog [***...]
Gold:   143        SH:  0    Dex:  9 (10) Spells: 6/6 levels left

rFire   . . .      SeeInvis .   o - +0 great sword
rCold   . . .      Faith    .   (shield currently unavailable)
rNeg    . . .      Spirit   +   r - +0 scale mail
rPois   .          Reflect  .   (helmet restricted)
rElec   .          Harm     .   (no cloak)
rCorr   .          Rampage  .   (no gloves)
Will    .....                   (no boots)
Stlth   ..........              s - amulet of guardian spirit
HPRegen 0.20/turn               (no ring)
MPRegen 0.10/turn               (no ring)

@: lethally poisoned (-1 -> -10)
A: horns 2, retaliatory headbutt
a: Renounce Religion, Berserk, Trog's Hand


You were on level 6 of the Dungeon.
You worshipped Trog.
Trog was most pleased with you.
You visited 1 branch of the dungeon, and saw 6 of its levels.

You collected 143 gold pieces.

Inventory:

Hand Weapons
 a - a +1 falchion
 m - the +3 hunting sling "Poamicru" {flame, Dex+5}
   (You found it on level 3 of the Dungeon)

   Any ammunition fired from it burns those it strikes, dealing additional fire
   damage.
   Dex:       It affects your dexterity (+5).
 o - a +0 great sword (weapon)
Missiles
 c - 158 stones (quivered)
 f - 105 bolts
 i - 76 arrows
 j - 3 javelins
Armour
 b - a +1 animal skin
 r - a +0 scale mail (worn)
Jewellery
 k - the amulet of Riovuru {Reflect Harm rElec SH+5 Stlth+}
   (You found it on level 2 of the Dungeon)

   [amulet of reflection]

   It reflects blocked missile attacks.
   rElec:     It insulates you from electricity.
   SH:        It affects your SH (+5).
   Harm:      It increases damage dealt and taken.
   Stlth:     It makes you more stealthy.
 s - an amulet of guardian spirit (around neck)
Wands
 q - a wand of flame (13)
Scrolls
 g - 2 scrolls of teleportation {unknown}
 h - 2 scrolls of fog
 l - a scroll of fear
Potions
 d - 2 potions of ambrosia
 e - a potion of curing
 n - a potion of attraction {unknown}
 p - a potion of lignification {unknown}


   Skills:
 + Level 5.5 Fighting
 * Level 6.9 Long Blades
 + Level 3.1 Slings
 - Level 1.0 Bows
 + Level 4.7 Armour
 * Level 5.7 Dodging


You had 6 spell levels left.
You didn't know any spells.
Your spell library was empty.

Dungeon Overview and Level Annotations

Branches:
Dungeon (6/15)             Temple (0/1) D:6

Altars:
Qazlal

Shops:
D:4 (

Annotations:
D:6 Menkaure


Innate Abilities, Weirdness & Mutations

You have a pair of horns on your head.
You reflexively headbutt those who attack you in melee.


Message History

You feel sick.
The killer bee stings you but does no damage.
The killer bee barely misses you. You furiously retaliate!
You headbutt the killer bee! The killer bee stings you.
You are more poisoned.
The killer bee poisons you! The killer bee stings you.
The killer bee closely misses you.
You feel very sick. The killer bee misses you.
The killer bee closely misses you. You furiously retaliate!
You headbutt the killer bee, but do no damage.
You feel very sick.
The killer bee stings you. x2; The killer bee completely misses you.
You furiously retaliate!
You headbutt the killer bee!
You feel sick.
You miss the killer bee. Your headbutt misses the killer bee.
The killer bee is severely wounded.
You feel very sick. The killer bee barely misses you. You furiously retaliate!
You headbutt the killer bee!
You kill the killer bee!
Trog accepts your kill.
You feel your dexterity returning.
You miss the killer bee.
You feel sick. The killer bee stings you.
* * * LOW HITPOINT WARNING * * *
You are more poisoned.
The killer bee poisons you! The killer bee stings you.
* * * LOW HITPOINT WARNING * * *
The killer bee stings you but does no damage.
The killer bee barely misses you.
Menkaure calls on the powers of darkness!
The killer bee convulses!
Your body is wracked with pain!
* * * LOW HITPOINT WARNING * * *
The killer bee convulses!
The killer bee stings you!
* * * LOW HITPOINT WARNING * * *
The killer bee barely misses you. You furiously retaliate!
You headbutt the killer bee! You miss the killer bee.
The killer bee is almost dead.
You die...

..... #...# #...#
#...# #...#
########...###
#.......>..y@#
.....#..#.##y####
#.##.#..#.##....#
...............M.#
≈≈........###...?#
≈≈≈≈..........#..†...#
≈≈≈≈≈≈........####.#.#
..≈≈≈≈≈≈...##.## ...
>.≈≈≈≈≈≈...<#.# #.#


You could see Menkaure and 2 killer bees.

Vanquished Creatures
  A water moccasin (D:6)
  A hornet zombie (D:4)
  A necrophage (D:5)
  A scorpion (D:4)
  2 killer bees (D:6)
  A water moccasin skeleton (D:5)
  A howler monkey (D:5)
  A centaur zombie (D:5)
  2 hounds (D:5)
  A jelly (D:5)
  2 orc priests (D:5)
  A centaur skeleton (D:5)
  An iguana (D:5)
  Terence (D:3)
  2 orc wizards (D:5)
  A killer bee zombie (D:6)
  5 adders
  An adder skeleton (D:4)
  3 worms
  3 dart slugs
  8 orcs
  8 bats
  6 endoplasms
  9 giant cockroaches
  3 goblins
  6 hobgoblins
  8 kobolds
  4 quokkas
  4 ball pythons
  4 frilled lizards
  4 rats
96 creatures vanquished.

Notes
Turn   | Place    | Note
-------+----------+-------------------------------------------
     0 | D:1      | L33tCrusader the Minotaur Berserker began the quest for the
                  | Orb.
     0 | D:1      | Reached XP level 1. HP: 19/19 MP: 0/0
    90 | D:1      | Reached XP level 2. HP: 22/27 MP: 1/1
   495 | D:1      | Reached skill level 4 in Long Blades
  1211 | D:2      | Found a faded altar of an unknown god.
  1306 | D:2      | Reached XP level 3. HP: 29/33 MP: 2/2
  1345 | D:2      | Identified the amulet of Riovuru {Reflect Harm rElec SH+5
                  | Stlth+}
  1449 | D:2      | Reached ** piety under Trog
  2012 | D:3      | Reached XP level 4. HP: 30/40 MP: 3/3
  2139 | D:3      | Noticed Terence
  2146 | D:3      | Killed Terence
  2147 | D:3      | Reached skill level 1 in Bows
  2468 | D:3      | Found a stormy altar of Qazlal.
  2526 | D:3      | Identified the +3 hunting sling "Poamicru" {flame, Dex+5}
  3182 | D:4      | Noticed a scorpion
  3182 | D:4      | Found Neudd's Antique Weapon Shop.
  3190 | D:4      | Killed a scorpion
  3191 | D:4      | Reached XP level 5. HP: 43/47 MP: 4/4
  3312 | D:4      | Reached skill level 1 in Slings
  3572 | D:4      | Reached skill level 5 in Long Blades
  3572 | D:4      | Reached XP level 6. HP: 21/53 MP: 5/5
  4354 | D:5      | Entered Level 5 of the Dungeon
  4423 | D:5      | Reached XP level 7. HP: 15/60 MP: 6/6
  4428 | D:5      | Reached *** piety under Trog
  4429 | D:5      | Reached skill level 5 in Fighting
  4429 | D:5      | Reached skill level 6 in Long Blades
  4626 | D:5      | Reached skill level 5 in Dodging
  5054 | D:5      | Found a glowing drain.
  5660 | D:6      | Found a staircase to the Ecumenical Temple.
  6072 | D:6      | Noticed Menkaure
  6078 | D:6      | HP: 2/61 [killer bee (6)]
  6079 | D:6      | Succumbed to a killer bee's poison

Illustrated notes

Levels and vault maps discovered:
D:1:      dpeg_arrival_refuge, layout_basic
D:2:      layout_loops_ring, shapermc_ecumenical_altar_mp_urbaneastern
D:3:      wander_river, layout_basic, mainiacjoe_overflow_catwalk, uniq_terence
D:4:      layout_cave_pods, serial_shops, nicolae_shop_waterfront, st_stairs_3,
          corexii_corridor_pit
D:5:      layout_loops_ring, gup_sewer_entry_pipe
D:6:      layout_loops_cross, minitemple, temple_pool_b, uniq_menkaure,
          uniq_duvessa

Skill      XL: |  1  2  3  4  5  6  7 |
---------------+----------------------+-----
Long Blades    | 4 5 6 |  6.9
Fighting       | 4 5 |  5.5
Dodging        | 3 4 5 |  5.7
Armour         | 3 4 |  4.7
Bows           | 1 |  1.0
Slings         | 1 2 3 |  3.1

Action                   |  1- 3 |  4- 6 |  7- 9 || total
-------------------------+-------+-------+-------++-------
Melee: Falchion          |    88 |    79 |    88 ||   255
       Headbutt          |    16 |    13 |    18 ||    47
       Punch             |     1 |     1 |       ||     2
       Great sword       |       |       |    14 ||    14
 Fire: Hunting sling     |       |    11 |       ||    11
  Use: Scroll            |     6 |     1 |     2 ||     9
       Potion            |       |     3 |     3 ||     6
 Stab: Sleeping          |     1 |       |       ||     1
Armor: Animal skin       |    25 |     7 |       ||    32
       Scale mail        |       |    19 |    39 ||    58
Dodge: Dodged            |    60 |    56 |    64 ||   180
